 Dungeon Crawl Stone Soup version 0.19.4-9-g45fd643 (webtiles) character file.

6331 Invaser777 the Cleaver (level 10, -3/90 HPs)
             Began as a Minotaur Fighter on Feb 20, 2017.
             Was a High Priest of Cheibriados.
             Slain by a nine-headed hydra (6 damage)
             ... on level 2 of the Lair of Beasts.
             The game lasted 00:40:03 (5876 turns).

Invaser777 the Cleaver (Minotaur Fighter)           Turns: 5876, Time: 00:40:04

Health: -3/90      AC: 14    Str: 35    XL:     10   Next: 64%
Magic:  9/9        EV: 15    Int: 17    God:    Cheibriados [*****.]
Gold:   404        SH: 14    Dex: 25    Spells: 0 memorised, 9 levels left

rFire  . . .     SeeInvis .     a - +1 war axe
rCold  . . .     Gourm    .     q - quicksilver dragon scales
rNeg   . . .     Faith    .     c - +0 shield
rPois  .         Spirit   .     (helmet restricted)
rElec  .         Reflect  .     (no cloak)
rCorr  .         Harm     .     P - +0 pair of gloves
MR     +....                    e - +0 pair of boots
Stlth  ++........               (no amulet)
                                (no ring)
                                Q - +2 ring of dexterity

@: very slow
A: retaliatory headbutt, horns 2
a: Bend Time, Temporal Distortion, Slouch, Step From Time, Renounce Religion


You were on level 2 of the Lair of Beasts.
You worshipped Cheibriados.
Cheibriados was extremely pleased with you.
You were not hungry.

You visited 3 branches of the dungeon, and saw 11 of its levels.

You collected 404 gold pieces.

Inventory:

Hand Weapons
 a - a +1 war axe (weapon)
 h - a +0 hunting sling
 z - a +1 scythe of venom
Armour
 c - a +0 shield (worn)
 e - a +0 pair of boots (worn)
 q - quicksilver dragon scales (worn)
 P - a +0 pair of gloves (worn)
Jewellery
 Q - a +2 ring of dexterity (left hand)
 S - an uncursed amulet of magic regeneration
 T - an uncursed amulet of faith {unknown}
 U - a cursed ring of teleportation {unknown}
Wands
 b - a wand of polymorph (11/24)
 i - a wand of flame (14/48)
 w - a wand of enslavement (24/24)
 N - a wand of flame (19/48)
Scrolls
 l - 6 scrolls of identify
 o - 2 scrolls of magic mapping {unknown}
 p - a scroll of recharging
 r - a scroll of fog {unknown}
 t - a scroll of enchant armour {unknown}
 u - a scroll of noise {unknown}
 v - 3 scrolls of remove curse
 x - a scroll of random uselessness
 y - a scroll of immolation {unknown}
 B - a scroll of teleportation
 I - a scroll of amnesia {unknown}
 J - a scroll of enchant weapon
 M - a scroll of blinking {unknown}
 R - a scroll of fear {unknown}
Potions
 d - a potion of might
 g - 2 potions of heal wounds
 k - 2 potions of curing
 m - 3 potions of flight {unknown}
 n - 2 potions of lignification {unknown}
 A - a potion of invisibility {unknown}
 C - 2 potions of beneficial mutation {unknown}
 D - a potion of cure mutation {unknown}
 E - 2 potions of degeneration {unknown}
 G - 5 potions of brilliance {unknown}
 H - a potion of cancellation {unknown}
 K - a potion of haste {unknown}
Books
 O - a book of Cantrips

   Spells                             Type                      Level
   a - Confusing Touch                Hexes                        1
   b - Animate Skeleton               Necromancy                   1
   c - Summon Small Mammal            Summoning                    1
   d - Apportation                    Translocation                1
Comestibles
 f - 5 bread rations
 j - 3 meat rations
 s - 9 fruits
 F - 2 beef jerkies
 L - a slice of pizza


   Skills:
 + Level 8.4 Fighting
 + Level 12.7 Axes
 + Level 7.1 Armour
 + Level 5.2 Dodging
 + Level 1.4 Stealth
 + Level 9.4 Shields
 + Level 0.3 Evocations


You had 9 spell levels left.
You didn't know any spells.

Dungeon Overview and Level Annotations

Branches:
Dungeon (8/15)             Temple (1/1) D:7            Lair (2/6) D:8
  Swamp: Lair:2-4    Shoals: Lair:2-4     Snake: Lair:2-4    Spider: Lair:2-4

Altars:
Ashenzari
Cheibriados
Dithmenos
Elyvilon
Fedhas
Gozag
Hepliaklqana
Kikubaaqudgha
Makhleb
Nemelex Xobeh
Okawaru
Qazlal
Ru
Sif Muna
Trog
Uskayaw
Vehumet
Xom
Yredelemnul
Zin
The Shining One


Innate Abilities, Weirdness & Mutations

You reflexively headbutt those who attack you in melee.
You have a pair of horns on your head.


Message History

* * * LOW HITPOINT WARNING * * *
The eight-headed hydra bites you!
* * * LOW HITPOINT WARNING * * *
You block the eight-headed hydra's attack.
You hack one of the eight-headed hydra's heads off!
The seven-headed hydra grows two more!
You slice the nine-headed hydra!!
The nine-headed hydra is heavily wounded.
The nine-headed hydra closely misses you.
You furiously retaliate!
You headbutt the nine-headed hydra!! The nine-headed hydra bites you!
* * * LOW HITPOINT WARNING * * *
The nine-headed hydra bites you but does no damage.
You block the nine-headed hydra's attack.
The nine-headed hydra bites you.
* * * LOW HITPOINT WARNING * * *
The nine-headed hydra bites you but does no damage.
The nine-headed hydra bites you.
* * * LOW HITPOINT WARNING * * *
The nine-headed hydra bites you.
You die...

. .. ## ...
####.##....
####.#........
#.#...†.......
###.....@D......
#...............
#.<.....P.......
#.........#......
#.................
#.#................
# .................
..................
#.............


You could see a nine-headed hydra.

Vanquished Creatures
  Pikel (D:7)
  A black mamba (Lair:1)
  2 spiny frogs
  A troll (D:8)
  Grinder (D:5)
  A yak (D:8)
  Sigmund (D:3)
  A hungry ghost (D:8)
  3 basilisks (Lair:1)
  A porcupine (Lair:1)
  2 slaves (D:7)
  An orc warrior (D:8)
  A sky beast (D:7)
  6 ice beasts
  2 ogres (D:8)
  2 necrophages (D:7)
  5 centaurs
  4 wolves (D:8)
  2 crocodiles (Lair:1)
  4 bullfrogs
  A water moccasin zombie (D:6)
  2 scorpions
  3 wights (D:8)
  3 electric eels (D:8)
  6 hounds
  A centaur skeleton (D:5)
  A gnoll shaman (D:6)
  A jelly (D:7)
  3 orc priests
  A bullfrog skeleton (D:4)
  An iguana (D:6)
  2 orc wizards
  Natasha (thrice) (D:3)
  6 worker ants
  A hound skeleton (D:4)
  10 gnolls
  A worker ant zombie (D:5)
  4 adders
  A hound simulacrum (D:8)
  4 white imps (D:8)
  2 ufetubi (D:8)
  2 adder zombies
  An ooze (D:1)
  5 worms
  3 dart slugs
  The ghost of letownia the Magician, a weakling OpWz (D:3)
  4 leopard geckos
  17 orcs
  3 ball pythons
  7 giant cockroaches
  4 goblins
  4 hobgoblins
  4 jackals
  2 quokkas
  11 bats
  6 frilled lizards
  A jackal simulacrum (D:8)
  3 kobolds
  A quokka skeleton (D:6)
  2 quokka zombies
  4 rats
  A butterfly (Lair:1)
  A fungus (Lair:1)
  A plant (Lair:1)
187 creatures vanquished.

Vanquished Creatures (others)
  A slave (D:7)
  Menkaure (D:7)
  A worker ant (D:7)
  An adder (D:7)
  A quokka (D:7)
5 creatures vanquished.

Grand Total: 192 creatures vanquished

Notes
Turn   | Place    | Note
-------+----------+-------------------------------------------
     0 | D:1      | Invaser777 the Minotaur Fighter began the quest for the Orb.
     0 | D:1      | Reached XP level 1. HP: 19/19 MP: 0/0
   125 | D:1      | Reached XP level 2. HP: 26/27 MP: 1/1
   490 | D:2      | Reached XP level 3. HP: 29/33 MP: 2/2
   733 | D:2      | Reached skill level 3 in Axes
  1097 | D:3      | Noticed Sigmund
  1104 | D:3      | Killed Sigmund
  1104 | D:3      | Reached skill level 4 in Axes
  1104 | D:3      | Reached skill level 1 in Dodging
  1104 | D:3      | Reached XP level 4. HP: 29/41 MP: 3/3
  1104 | D:3      | Reached XP level 5. HP: 33/47 MP: 4/4
  1274 | D:3      | Found a snail-covered altar of Cheibriados.
  1278 | D:3      | Became a worshipper of Cheibriados the Contemplative
  1466 | D:3      | Noticed Natasha
  1526 | D:3      | Noticed letownia's ghost (weakling OpWz)
  1527 | D:3      | Killed letownia's ghost
  1590 | D:3      | Reached skill level 5 in Axes
  1614 | D:3      | Reached XP level 6. HP: 43/53 MP: 5/5
  1643 | D:3      | Reached * piety under Cheibriados
  1645 | D:3      | Killed Natasha
  1656 | D:3      | Noticed Natasha
  1663 | D:3      | Killed Natasha
  1728 | D:3      | Noticed Natasha
  1734 | D:3      | Killed Natasha
  1946 | D:4      | Reached skill level 5 in Shields
  1981 | D:4      | Reached skill level 6 in Axes
  1989 | D:4      | Reached skill level 5 in Fighting
  1989 | D:4      | Reached XP level 7. HP: 43/61 MP: 6/6
  2322 | D:5      | Entered Level 5 of the Dungeon
  2341 | D:5      | Reached ** piety under Cheibriados
  2418 | D:5      | Noticed Grinder
  2428 | D:5      | Killed Grinder
  2428 | D:5      | Reached skill level 7 in Axes
  2428 | D:5      | Reached skill level 5 in Armour
  2428 | D:5      | Reached skill level 1 in Stealth
  2487 | D:5      | Found a glowing silver altar of Zin.
  2620 | D:5      | Reached XP level 8. HP: 59/69 MP: 7/7
  2819 | D:6      | Reached skill level 8 in Axes
  2859 | D:6      | Found a bloodstained altar of Trog.
  2971 | D:6      | Reached *** piety under Cheibriados
  2971 | D:6      | Reached skill level 9 in Axes
  3227 | D:7      | Noticed Pikel
  3237 | D:7      | Killed Pikel
  3237 | D:7      | Reached skill level 10 in Axes
  3237 | D:7      | Reached XP level 9. HP: 71/75 MP: 8/8
  3261 | D:7      | Found a staircase to the Ecumenical Temple.
  3265 | Temple   | Entered the Ecumenical Temple
  3476 | D:7      | Killed Menkaure
  3534 | D:7      | Found a sand-covered staircase.
  3851 | D:7      | Found a burning altar of Makhleb.
  4016 | D:7      | Found a blossoming altar of Fedhas.
  4161 | D:8      | Found a staircase to the Lair.
  4179 | D:8      | Reached **** piety under Cheibriados
  4195 | D:8      | HP: 3/78 [electric eel/bolt of electricity (9)]
  4221 | D:8      | Reached skill level 11 in Axes
  4658 | D:8      | Noticed a troll
  4675 | D:8      | Killed a troll
  4675 | D:8      | Reached XP level 10. HP: 44/86 MP: 9/9
  5047 | D:8      | Reached ***** piety under Cheibriados
  5069 | Lair:1   | Entered Level 1 of the Lair of Beasts
  5169 | Lair:1   | Reached skill level 12 in Axes
  5328 | Lair:1   | Noticed a black mamba
  5344 | Lair:1   | Killed a black mamba
  5344 | Lair:1   | Reached skill level 5 in Dodging
  5502 | Lair:1   | Noticed a spiny frog
  5513 | Lair:1   | Killed a spiny frog
  5864 | Lair:2   | Noticed a spiny frog
  5869 | Lair:2   | Noticed a five-headed hydra
  5870 | Lair:2   | Killed a spiny frog
  5876 | Lair:2   | HP: 3/90 [nine-headed hydra (5)]
  5876 | Lair:2   | Slain by a nine-headed hydra

Skill      XL: |  1  2  3  4  5  6  7  8  9 10 |
---------------+-------------------------------+-----
Shields        | 4 5 6 7 8 9 |  9.4
Fighting       | 4 5 6 7 8 |  8.4
Axes           | 4 5 6 7 10 11 12 | 12.7
Armour         | 4 5 6 7 |  7.1
Dodging        | 1 2 3 4 5 |  5.2
Stealth        | 1 |  1.4
Evocations     | |  0.3

Action                   |  1- 3 |  4- 6 |  7- 9 | 10-12 || total
-------------------------+-------+-------+-------+-------++-------
Melee: War axe           |    99 |    86 |   189 |    81 ||   455
       Headbutt          |    13 |    21 |    61 |    28 ||   123
Evoke: Wand              |       |       |       |     4 ||     4
  Use: Scroll            |     1 |     1 |     6 |     1 ||     9
       Potion            |       |       |     2 |     1 ||     3
  Eat: Chunk             |     1 |     2 |     4 |       ||     7
       Fruit             |       |       |     1 |       ||     1
       Bread ration      |       |       |       |     1 ||     1
Armor: Scale mail        |    33 |       |       |       ||    33
       Quicksilver drago |    11 |    33 |    67 |    27 ||   138
Dodge: Dodged            |    41 |    34 |    93 |    29 ||   197
Block: Shield            |    58 |    54 |   136 |    38 ||   286
